 Dungeon Crawl Stone Soup version 0.29-a0-409-gd843f3a48c (webtiles) character file.

Game seed: 16483199071278120222

109 bande the Shield-Bearer (level 4, -5/29 HPs)
             Began as a Gargoyle Fighter on May 13, 2022.
             Slain by an iguana (11 damage)
             ... on level 4 of the Dungeon.
             The game lasted 00:03:46 (3791 turns).

bande the Shield-Bearer (Gargoyle Fighter)          Turns: 3791, Time: 00:03:47

Health: -5/29      AC: 10    Str: 20    XL:     4   Next: 89%
Magic:  4/4        EV:  9    Int:  8    God:
Gold:   304        SH:  4    Dex: 11    Spells: 3/3 levels left

rFire   . . .      SeeInvis .   a - +0 war axe
rCold   . . .      Faith    .   c - +0 buckler
rNeg    + . .      Spirit   .   b - +0 scale mail
rPois   ∞          Reflect  .   (no helmet)
rElec   +          Harm     .   (no cloak)
rCorr   .          Rampage  .   (no gloves)
Will    .....                   (no boots)
Stlth   ..........              (no amulet)
HPRegen 0.09/turn               (no ring)
MPRegen 0.09/turn               (no ring)

@: no status effects
A: sickness immunity, AC +3, negative energy resistance 1, electricity
resistance, torment resistance 1, petrification resistance
a: no special abilities


You were on level 4 of the Dungeon.
You visited 1 branch of the dungeon, and saw 4 of its levels.

You collected 317 gold pieces.
You spent 13 gold pieces at shops.

Inventory:

Hand Weapons
 a - a +0 war axe (weapon)
Missiles
 j - 2 throwing nets (quivered)
Armour
 b - a +0 scale mail (worn)
 c - a +0 buckler (worn)
Jewellery
 l - a ring of see invisible
Scrolls
 f - 2 scrolls of teleportation {unknown}
 h - a scroll of blinking {unknown}
 i - 4 scrolls of identify
 k - a scroll of fog {unknown}
 m - 2 scrolls of enchant weapon {unknown}
Potions
 d - 2 potions of might
 e - 2 potions of heal wounds
 g - 3 potions of curing {unknown}
 n - 2 potions of attraction {unknown}
 o - a potion of flight {unknown}


   Skills:
 + Level 3.7 Fighting
 + Level 3.2 Axes
 + Level 3.9 Armour
 - Level 0.2 Dodging
 + Level 4.0 Shields


You had 3 spell levels left.
You didn't know any spells.
Your spell library was empty.

Dungeon Overview and Level Annotations

Branches:
Dungeon (4/15)
 Temple: D:4-7

Altars:
Ru

Shops:
D:1 !


Innate Abilities, Weirdness & Mutations

You are immune to sickness and miasma.
Your stone body is resilient. (AC +3)
You are immune to poison.
You resist negative energy. (rN+)
You are resistant to electric shocks. (rElec)
You are resistant to unholy torment.
You are immune to petrification.


Message History

There is a stone staircase leading up here.
Found a stone staircase leading down.
An iguana comes into view.
The iguana hisses angrily.
The iguana bites you!
You closely miss the iguana. The iguana closely misses you.
You closely miss the iguana. You hit the iguana but do no damage.
The iguana bites you. The iguana bites you!
* * * LOW HITPOINT WARNING * * *
You are too injured to fight recklessly!
You are too injured to fight recklessly!
You are too injured to fight recklessly!
You are too injured to fight recklessly!
You are too injured to fight recklessly!
You are too injured to fight recklessly!
You are too injured to fight recklessly!
You feel much better.
The iguana bites you but does no damage.
The iguana bites you!
You barely miss the iguana. You closely miss the iguana.
You block the iguana's attack. x2; The iguana barely misses you.
The iguana bites you!
Unknown command.
You closely miss the iguana. You hit the iguana.
The iguana barely misses you. x2
You closely miss the iguana. You hit the iguana. The iguana barely misses you.
You block the iguana's attack.
The iguana bites you but does no damage.
The iguana barely misses you.
You slash the iguana!
The iguana is severely wounded.
You hit the iguana but do no damage. The iguana completely misses you.
The iguana misses you.
You slash the iguana!
You kill the iguana!
You hit the iguana. The iguana bites you.
* * * LOW HITPOINT WARNING * * *
Your Shields skill increases to level 4!
Unknown command.
The iguana bites you!
You die...

.......#.#. ##
..........
##.##........
#.........#
#....<...#
.#.......##
..........##
.#.##....l.##..#
#......@.>.....
#>#............
# ##........=..
#...#####...
#.... ##. #..^.
..... .....#


You could see an iguana.

Vanquished Creatures
  An iguana (D:4)
  An adder (D:3)
  2 worms
  4 dart slugs
  2 orcs (D:3)
  6 ball pythons
  6 endoplasms
  2 giant cockroaches (D:2)
  4 goblins
  4 hobgoblins
  8 kobolds
  4 quokkas
  3 bats
  4 frilled lizards
  2 rats (D:2)
53 creatures vanquished.

Vanquished Creatures (others)
  16 plants (D:2)
16 creatures vanquished.

Grand Total: 69 creatures vanquished

Notes
Turn   | Place    | Note
-------+----------+-------------------------------------------
     0 | D:1      | bande the Gargoyle Fighter began the quest for the Orb.
     0 | D:1      | Reached XP level 1. HP: 14/14 MP: 1/1
   235 | D:1      | Reached XP level 2. HP: 15/19 MP: 2/2
   481 | D:1      | Found Doasem's Distillery.
   486 | D:1      | Bought a potion of degeneration for 13 gold pieces
   548 | D:1      | Found a faded altar of an unknown god.
  1377 | D:2      | Reached XP level 3. HP: 23/23 MP: 3/3
  2761 | D:3      | Reached XP level 4. HP: 27/28 MP: 4/4
  2812 | D:3      | Found a sacrificial altar of Ru.
  3791 | D:4      | Reached skill level 4 in Shields
  3791 | D:4      | Slain by an iguana

Illustrated notes

Levels and vault maps discovered:
D:1:      dpeg_arrival_boxorama, layout_basic,
          hellmonk_ecumenical_altar_pennies_from_heaven, serial_shops,
          nicolae_shop_hallway_plus, kennysheep_crisscross,
          minmay_indecisive_spiral
D:2:      layout_basic, serial_bayou_lagoon_b
D:3:      layout_basic, mainiacjoe_overflow_chevrons,
          chequers_serial_rivers_small_3, minmay_fractal_squares_diagonal_5
D:4:      minmay_chambers_of_twos, layout_cave_pools,
          gammafunk_temple_overflow_wave, minmay_temple_entry_purple_smoke

Skill      XL: |  1  2  3  4 |
---------------+-------------+-----
Axes           | 2 3 |  3.2
Shields        | 4 |  4.0
Fighting       | |  3.7
Armour         | |  3.9
Dodging        | |  0.2

Action                   |  1- 3 |  4- 6 || total
-------------------------+-------+-------++-------
Melee: War axe           |   132 |    32 ||   164
  Use: Scroll            |     3 |       ||     3
       Potion            |       |     1 ||     1
Armor: Scale mail        |    66 |    17 ||    83
Dodge: Dodged            |    52 |    21 ||    73
Block: Buckler           |    42 |     7 ||    49

Table legend: (Time is in decaauts)
 A = Elapsed time spent in this place.
 B = Non-inter-level travel time spent in this place.
 C = Inter-level travel time spent in this place.
 D = Time resting spent in this place.
 E = Time spent auto-exploring this place.
 F = Levels seen in this place.
 G = Mean time per level.
                   A        B        C        D        E       F      G
               +--------+--------+--------+--------+--------+-----+--------+
         Total |   3887 |   3721 |    166 |      0 |   3232 |   4 |  971.8 |
       Dungeon |   3887 |   3721 |    166 |      0 |   3232 |   4 |  971.8 |
               +--------+--------+--------+--------+--------+-----+--------+

Top non-repeatable levels by time:
     D:2: 1387 daAuts
     D:1: 1296 daAuts
     D:3: 1188 daAuts
     D:4: 14 daAuts
